 Dungeon Crawl Stone Soup version 0.26-a0-639-g72c4674329 (webtiles) character file.

Game seed: 11962745358473890062

128 Descartes the Magician (level 4, -3/24 HPs)
             Began as a Deep Elf Air Elementalist on Sept 15, 2020.
             Slain by a gnoll
             ... wielding a +0 flail
              (11 damage)
             ... on level 2 of the Dungeon.
             The game lasted 00:05:07 (2792 turns).

Descartes the Magician (Deep Elf Air Elementalist)  Turns: 2792, Time: 00:05:08

Health: -3/24      AC:  3    Str:  5    XL:     4   Next: 87%
Magic:  9/12       EV: 12    Int: 21    God:
Gold:   50         SH:  0    Dex: 15    Spells: 10/11 levels left

rFire    x . .     SeeInvis .   s - +0 dagger
rCold    + . .     Faith    .   (no shield)
rNeg     . . .     Spirit   .   d - +0 leather armour
rPois    .         Reflect  .   (no helmet)
rElec    .         Harm     .   (no cloak)
rCorr    .         Rampage  .   (no gloves)
MR       .....                  (no boots)
Stlth    ++........             (no amulet)
HPRegen  0.08/turn              g - ring of ice
MPRegen  0.13/turn              (no ring)

@: very slightly contaminated
A: no striking features
a: no special abilities


You were on level 2 of the Dungeon.
You visited 1 branch of the dungeon, and saw 3 of its levels.

You collected 50 gold pieces.

Inventory:

Hand Weapons
 s - a +0 dagger (weapon)
Missiles
 b - 95 stones (quivered)
 l - 11 poisoned darts
 n - 36 sling bullets
Armour
 a - a +0 robe
 d - a +0 leather armour (worn)
Jewellery
 g - a ring of ice (left hand)
 p - an uncursed amulet of regeneration
Scrolls
 c - 4 scrolls of noise {unknown}
 e - 2 scrolls of identify {unknown}
 f - a scroll of magic mapping {unknown}
 h - a scroll of enchant armour {unknown}
 i - a scroll of amnesia {unknown}
 o - a scroll of teleportation {unknown}
 q - a scroll of random uselessness {unknown}
 t - a scroll of remove curse {unknown}
Potions
 j - a potion of flight {unknown}
 k - a potion of mutation {unknown}
 m - 2 potions of curing {unknown}
 r - a potion of lignification {unknown}


   Skills:
 + Level 3.2 Dodging
 + Level 3.2 Stealth
 + Level 4.3 Spellcasting
 + Level 2.1 Conjurations
 + Level 4.0 Air Magic


You had 10 spell levels left.
You knew the following spells:

 Your Spells              Type           Power        Failure   Level
a - Shock                 Conj/Air       ###.         5%          1

Your spell library contained the following spells:

 Spells                   Type           Power        Failure   Level
 Swiftness                Air            ###.....     5%          2
 Static Discharge         Conj/Air       ###.....     16%         3
 Airstrike                Air            ###.......   36%         4
 Lightning Bolt           Conj/Air       ###.......   83%         5


Dungeon Overview and Level Annotations

Branches:
Dungeon (3/15)

Altars:
Qazlal


Message History

You are very lightly contaminated with residual magic.
Nothing appears to happen.
The orc shouts!
The orc priest calls down the wrath of Beogh upon you.
Beogh smites you!
* * * LOW HITPOINT WARNING * * *
The orc barely misses you.
Casting: Shock (safe; 5% risk of failure)
Confirm with . or Enter, or press ? or * to list all spells.
Aiming: Shock (safe; 5% risk of failure)
Press: ? - help, Shift-Dir - straight line, f/p - orc priest
Aim: an orc priest, wielding a +0 club and wearing a +0 ring mail (lightly wounded)
The zap misses the orc.
The zap hits the orc priest.
The orc priest is moderately wounded.
The orc misses you. The orc barely misses you.
The gnoll hits you but does no damage.
You climb upwards.
There is a stone staircase leading down here.
The gnoll hits you with a +0 flail!
You die...

#.##.##.#####..###
#..#.#.## #.....
#.#...## #.###.
#.##.########.#...
#.##..............
#.#####.##.#......
#.# #.##.#......
#.# #<##.#).#.##
#@#####.##.#).....
#og†..............
##>#######.#######
#.# #.# #.# #.#
#.# #.# # #.# #.#
# #.# #.## # #.#
#..# #


You could see a gnoll and an orc.

Vanquished Creatures
  An orc wizard (D:2)
  3 adders (D:2)
  An ooze (D:2)
  A worm (D:2)
  3 leopard geckos
  5 orcs
  8 bats
  3 giant cockroaches
  4 goblins
  7 hobgoblins
  2 jackals (D:1)
  6 kobolds
  A quokka (D:2)
  A ball python (D:1)
  6 frilled lizards
  11 rats
63 creatures vanquished.

Notes
Turn   | Place    | Note
-------+----------+-------------------------------------------
     0 | D:1      | Descartes the Deep Elf Air Elementalist began the quest for
                  | the Orb.
     0 | D:1      | Reached XP level 1. HP: 10/10 MP: 6/6
   472 | D:1      | Reached XP level 2. HP: 15/15 MP: 4/8
  1056 | D:1      | Reached XP level 3. HP: 19/19 MP: 8/10
  2016 | D:2      | Reached XP level 4. HP: 24/24 MP: 7/12
  2605 | D:2      | Found a stormy altar of Qazlal.
  2792 | D:2      | Slain by a gnoll

Illustrated notes

Levels and vault maps discovered:
D:1:      minmay_arrival_shattered_statue, layout_basic
D:2:      layout_loops_ring, nicolae_qazlal_eye_of_the_storm, bh_walls_and_bars
D:3:      layout_loops_ring, led_sif_pool, lemuel_crystal_altar

Skill      XL: |  1  2  3  4 |
---------------+-------------+-----
Spellcasting   | 4 |  4.3
Dodging        | 3 |  3.2
Stealth        | 3 |  3.2
Conjurations   | 2 |  2.1
Air Magic      | 4 |  4.0

Action                   |  1- 3 |  4- 6 || total
-------------------------+-------+-------++-------
 Cast: Shock             |    93 |    46 ||   139
Armor: Leather armour    |     3 |     2 ||     5
Dodge: Dodged            |     8 |    15 ||    23

Table legend: (Time is in decaauts)
 A = Elapsed time spent in this place.
 B = Non-inter-level travel time spent in this place.
 C = Inter-level travel time spent in this place.
 D = Time resting spent in this place.
 E = Time spent auto-exploring this place.
 F = Levels seen in this place.
 G = Mean time per level.
                   A        B        C        D        E       F      G
               +--------+--------+--------+--------+--------+-----+--------+
         Total |   2792 |   2744 |     48 |      0 |   2453 |   3 |  930.7 |
       Dungeon |   2792 |   2744 |     48 |      0 |   2453 |   3 |  930.7 |
               +--------+--------+--------+--------+--------+-----+--------+

Top non-repeatable levels by time:
     D:1: 1392 daAuts
     D:2: 1388 daAuts
     D:3: 11 daAuts
